 Dungeon Crawl Stone Soup version 0.30-a0-782-ge64f9170bb (webtiles) character file.

Game seed: 4164723656549935891

20265 sanka the Nimble (level 13, -5/82 HPs)
             Began as a Kobold Earth Elementalist on Feb 18, 2023.
             Was a Priest of Vehumet.
             Killed from afar by a tengu conjurer (23 damage)
             ... with a bolt of lightning
             ... on level 14 of the Dungeon.
             The game lasted 00:20:21 (17689 turns).

sanka the Nimble (Kobold Earth Elementalist)       Turns: 17689, Time: 00:20:22

Health: -5/82      AC:  9    Str:  7    XL:     13   Next: 11%
Magic:  15/23      EV: 21    Int: 23    God:    Vehumet [***...]
Gold:   316        SH:  0    Dex: 15    Spells: 15/26 levels left

rFire   . . .      SeeInvis .    t - +7 hand axe "Weufaun" {protect, Drain rC+ Will+ Int+3}
rCold   + . .      Faith    +    (no shield)
rNeg    . . .      Spirit   .    y - +0 steam dragon scales
rPois   .          Reflect  .    g - +0 helmet
rElec   .          Harm     .    x - +0 cloak
rCorr   .          Rampage  .    J - +0 pair of gloves
Will    +....                    l - +0 pair of boots
Stlth   +++                      q - amulet of faith
HPRegen 0.33/turn                (no ring)
MPRegen 0.18/turn                (no ring)

@: no status effects
A: small, no large weapons, nightstalker 3
a: Renounce Religion


You were on level 14 of the Dungeon.
You worshipped Vehumet.
Vehumet was most pleased with you.
You visited 2 branches of the dungeon, and saw 15 of its levels.

You collected 836 gold pieces.
You spent 520 gold pieces at shops.


Innate Abilities, Weirdness & Mutations

You are small and have problems with some larger weapons.
You are completely attuned to the shadows.


   Skills:
 - Level 10.0 Fighting
 - Level 12.0 Dodging
 - Level 2.6 Stealth
 + Level 7.1 Spellcasting
 + Level 9.0 Conjurations
 - Level 1.0 Transmutations
 * Level 12.0 Earth Magic


You had 15 spell levels left.
You knew the following spells:

 Your Spells              Type           Power      Damage    Failure   Level
x - Stone Arrow           Conj/Erth      100%       3d13      1%          3
z - Sandblast             Erth           100%       2d20      1%          1
N - Passwall              Tmut/Erth      31%        N/A       1%          2
X - Lee's Rapid Deconstr  Erth           29%        3d15*     1%          5

Your spell library contained the following spells:

 Spells                   Type           Power      Damage    Failure   Level
 Momentum Strike          Conj/Tloc      58%        3d9       1%          2
 Poisonous Vapours        Pois/Air       16%        N/A       3%          2
 Petrify                  Tmut/Erth      38%        N/A       5%          4
 Sting                    Tmut/Pois      40%        1d5       6%          1
 Blink                    Tloc           16%        N/A       12%         2
 Lesser Beckoning         Tloc           16%        N/A       12%         2
 Olgreb's Toxic Radiance  Pois           8%         N/A       19%         4
 Passage of Golubria      Tloc           8%         N/A       58%         4
 Lehudib's Crystal Spear  Conj/Erth      27%        10d7      82%         8
 Silence                  Hex/Air        4%         N/A       91%         5
 Summon Forest            Summ/Tloc      4%         N/A       91%         5
 Summon Mana Viper        Hex/Summ       8%         N/A       91%         5
 Summon Cactus Giant      Summ           4%         N/A       100%        6
 Chain Lightning          Conj/Air       14%        3d19      100%        9
 Fire Storm               Conj/Fire      14%        8d4       100%        9
 Shatter                  Erth           29%        3d24*     100%        9

Inventory:

Hand Weapons
 a - a +1 hand axe of electrocution
 t - the +7 hand axe "Weufaun" (weapon) {protect, Drain rC+ Will+ Int+3}

   Int:       It affects your intelligence (+3).
   rC:        It protects you from cold.
   Drain:     It drains your maximum health when unequipped.
   Will:      It increases your willpower.
 F - the +3 rapier "Jenowoy" {flame, rC+ SInv} rC: It protects you from cold. SInv: It lets you see invisible.
Armour
 g - a +0 helmet (worn)
 l - a +0 pair of boots (worn)
 w - a +3 leather armour of willpower
 x - a +0 cloak (worn)
 y - +0 steam dragon scales (worn)
 J - a +0 pair of gloves (worn)
Magical Staves
 s - a staff of cold
Jewellery
 q - an amulet of faith (around neck)
Wands
 A - a wand of digging (3)
 B - a wand of mindburst (14)
 E - a wand of flame (34)
 I - a wand of charming (3)
 L - a wand of acid (9)
 M - a wand of roots (11)
Scrolls
 e - a scroll of brand weapon {unknown}
 f - 4 scrolls of blinking
 j - 4 scrolls of fog
 k - a scroll of amnesia
 m - 3 scrolls of enchant weapon
 o - 7 scrolls of teleportation {@r4}
 p - a scroll of fear
 u - 2 scrolls of silence {!r}
 z - 2 scrolls of poison {!r}
 H - a scroll of enchant armour
 P - a scroll of vulnerability {!r}
 Q - a scroll of noise {unknown}
Potions
 b - 3 potions of magic
 c - 4 potions of mutation {unknown}
 d - a potion of degeneration {unknown}
 h - 4 potions of curing {unknown}
 i - a potion of flight {unknown}
 n - 2 potions of invisibility {unknown}
 r - a potion of might
 v - a potion of berserk rage {unknown}
 C - a potion of heal wounds {unknown}
 D - 2 potions of haste {@q3}
 G - 2 potions of lignification {unknown}
 K - a potion of brilliance {unknown}
 N - 2 potions of cancellation {unknown}
 O - a potion of ambrosia {unknown}

Dungeon Overview and Level Annotations

Branches:
Dungeon (14/15)            Temple (1/1) D:7            Lair (0/5) D:11
    Orc (0/2) D:11         Vaults (0/5) D:13

Altars:
Ashenzari
Cheibriados
Dithmenos
Elyvilon
Fedhas
Gozag
Hepliaklqana
Kikubaaqudgha
Makhleb
Nemelex Xobeh
Okawaru
Qazlal
Ru
Sif Muna
Trog
Uskayaw
Vehumet
Wu Jian
Xom
Yredelemnul
Zin
The Shining One

Shops:
D:4 *

Annotations:
D:12 1 runed translucent door, Vuiwkybu's ghost, journeyman BaMo

▒ ... ▒....<▒
...Q..▒.▒.▒ ▒.▒▒▒▒▒
......▒.▒.▒▒▒▒ ▒▒▒.▒
......▒....... ▒...▒
......▒▒▒.▒▒▒▒.▒.▒▒▒
.......†Q.*....▒...▒
......▒Q▒▒Q▒▒▒▒▒.▒.▒
...<..'.▒......▒▒▒.▒
......▒▒▒..▒K....▒.▒
......▒▒▒▒▒▒.▒...▒.▒
...............>.▒.▒
.......▒▒.▒▒.▒▒..▒.▒
▒.▒......▒.▒
▒.▒......▒.▒
▒.....▒.▒▒.▒
▒▒....▒.▒▒.▒
▒....▒.▒▒.▒


You could see a tengu warrior, a tengu conjurer and a battlesphere.


Message History

The seven-headed hydra attacks as you move away!
The seven-headed hydra bites you.
* * * LOW HITPOINT WARNING * * *
The seven-headed hydra bites you!
* * * LOW HITPOINT WARNING * * *
The seven-headed hydra closely misses you.
The seven-headed hydra completely misses you.
The seven-headed hydra barely misses you.
The seven-headed hydra bites you but does no damage.
The seven-headed hydra bites you.
* * * LOW HITPOINT WARNING * * *
The stone arrow hits the seven-headed hydra!!
You kill the seven-headed hydra!
Vehumet accepts your kill.
Your Spellcasting skill increases to level 7!
Your Conjurations skill increases to level 9!
Your Earth Magic skill increases to level 12!
Unknown command.
The tengu conjurer attacks as you move away!
The tengu conjurer completely misses you.
The tengu conjurer barely misses you.
The tengu conjurer claws you but does no damage.
The tengu conjurer attacks as you move away!
The tengu conjurer closely misses you.
The tengu conjurer pecks you but does no damage.
The tengu conjurer claws you.
* * * LOW HITPOINT WARNING * * *
The tengu conjurer casts a spell at you.
The bolt of lightning hits you!!
You die...

Action                     |  1- 3 |  4- 6 |  7- 9 | 10-12 | 13-15 || total
---------------------------+-------+-------+-------+-------+-------++-------
  Melee: Hand axe          |       |    17 |    47 |    16 |       ||    80
   Cast: Sandblast         |    47 |    90 |   143 |   243 |       ||   523
         Stone Arrow       |       |     2 |     7 |    92 |    12 ||   113
         Lee's Rapid Decon |       |       |       |     1 |       ||     1
    Use: Scroll            |       |       |       |    12 |       ||    12
         Potion            |       |       |       |     1 |       ||     1
   Stab: Sleeping          |       |       |     2 |       |       ||     2
 Armour: Robe              |       |    10 |     1 |       |       ||    11
         Leather armour    |       |       |    25 |    21 |       ||    46
         Steam dragon scal |       |       |       |    25 |     5 ||    30
  Dodge: Dodged            |     3 |    45 |    77 |   180 |    12 ||   317

Levels and vault maps discovered:
D:1:      saegor_arrival_fortress, layout_loops_ring,
          dreamdust_ecumenical_altar_angels_and_demons
D:2:      layout_loops_ring, basic_altar, dreamdust_mushroom_princess,
          uniq_robin
D:3:      layout_basic, lemuel_round_altar
D:4:      layout_basic, xom_teletrap_fun, mainiacjoe_overflow_24_doors,
          serial_glass, glass_columns_b, glass_columns_b, glass_columns_a,
          glass_columns_a, glass_columns_b, serial_shops,
          nicolae_shop_advertising_works [nicolae_subvault_shop_adworks],
          guppyfry_early_orc_mine
D:5:      layout_gridville, mainiacjoe_overflow_catwalk, uniq_pikel
D:6:      layout_loops_ring, mainiacjoe_overflow_surrounded_room,
          mainiacjoe_overflow_brackets, nrook_loot_triangle, st_stairs_10,
          uniq_maggie
D:7:      layout_layer_cave, minmay_temple_entry_arrows, uniq_duvessa
D:8:      hellmonk_destroyed_diamonds, layout_rooms, hangedman_decor_slide_cut,
          hangedman_abyss_or_decor_lesser_grid
D:9:      layout_cave_pools, minmay_liquid_box
D:10:     layout_basic
D:11:     layout_loops_ring, lair_entry_dummy, erik_orc_2,
          chequers_serial_rivers_room_a
D:12:     layout_basic, hellmonk_ghost_happy_afterlife, uniq_snorg
D:13:     layout_long_grid, david_vaults_4
D:14:     layout_basic, nicolae_hepliaklqana_hazy_memory, minmay_crystal_box
Temple:   compressed_dpeg_triangle_lava_temple

Notes
Turn   | Place    | Note
-------+----------+-------------------------------------------
     0 | D:1      | sanka the Kobold Earth Elementalist began the quest for the
                  | Orb.
     0 | D:1      | Reached XP level 1. HP: 10/10 MP: 3/3
   212 | D:1      | Found a faded altar of an unknown god.
   265 | D:1      | Reached XP level 2. HP: 16/16 MP: 0/5
   469 | D:1      | Learned a level 2 spell: Passwall
   698 | D:1      | Reached skill level 1 in Fighting
   815 | D:1      | Reached XP level 3. HP: 20/20 MP: 3/6
   856 | D:1      | Learned a level 3 spell: Stone Arrow
  1355 | D:2      | Reached skill level 3 in Dodging
  1440 | D:2      | Noticed Robin
  1442 | D:2      | Killed Robin
  1634 | D:2      | Reached XP level 4. HP: 26/26 MP: 5/8
  1738 | D:2      | Reached skill level 2 in Fighting
  1738 | D:2      | Reached skill level 3 in Spellcasting
  1873 | D:2      | Found a blossoming altar of Fedhas.
  2000 | D:2      | Reached XP level 5. HP: 30/30 MP: 5/9
  2848 | D:3      | Found a glowing silver altar of Zin.
  3511 | D:4      | Reached skill level 4 in Dodging
  3511 | D:4      | Reached skill level 4 in Earth Magic
  3534 | D:4      | Found Zywoolen's General Store.
  3581 | D:4      | Found a blossoming altar of Fedhas.
  3613 | D:4      | Found a shimmering altar of Xom.
  3651 | D:4      | Reached skill level 3 in Fighting
  3651 | D:4      | Reached XP level 6. HP: 29/37 MP: 3/10
  3732 | D:4      | Identified the +7 hand axe "Weufaun" {protect, Drain rC+
                  | Will+ Int+3}
  3785 | D:4      | Noticed an orc warrior
  3936 | D:4      | Reached skill level 5 in Dodging
  4453 | D:4      | Killed an orc warrior
  4454 | D:4      | Reached skill level 5 in Earth Magic
  4454 | D:4      | Reached XP level 7. HP: 8/41 MP: 6/11
  4887 | D:5      | Entered Level 5 of the Dungeon
  4919 | D:5      | Reached skill level 6 in Dodging
  5207 | D:5      | Reached XP level 8. HP: 30/46 MP: 8/12
  5279 | D:5      | Noticed Pikel
  5287 | D:5      | Killed Pikel
  5288 | D:5      | Reached skill level 8 in Dodging
  5288 | D:5      | Reached skill level 6 in Earth Magic
  5347 | D:5      | Reached skill level 7 in Earth Magic
  5493 | D:5      | Found a snail-covered altar of Cheibriados.
  5790 | D:5      | Reached skill level 8 in Earth Magic
  5790 | D:5      | Reached XP level 9. HP: 50/50 MP: 9/13
  5963 | D:6      | Identified +0 steam dragon scales
  5963 | D:6      | Noticed Maggie
  5981 | D:6      | Killed Maggie
  5982 | D:6      | Reached skill level 4 in Conjurations
  6293 | D:6      | Reached skill level 5 in Conjurations
  6796 | D:6      | Found a glowing golden altar of the Shining One.
  7008 | D:6      | Found a shadowy altar of Dithmenos.
  7060 | D:7      | Found a staircase to the Ecumenical Temple.
  7128 | D:7      | Noticed Duvessa
  7139 | Temple   | Entered the Ecumenical Temple
  7401 | Temple   | Became a worshipper of Vehumet
  7422 | D:7      | Noticed Dowan
  7428 | D:7      | Killed Duvessa
  7433 | D:7      | Killed Dowan
  7434 | D:7      | Reached skill level 4 in Fighting
  7708 | D:7      | Reached skill level 9 in Dodging
  7728 | D:7      | Reached skill level 5 in Fighting
  7779 | D:7      | Reached * piety under Vehumet
  7779 | D:7      | Offered knowledge of Kiss of Death by Vehumet.
  8009 | D:7      | Reached XP level 10. HP: 59/59 MP: 11/14
  8155 | D:7      | Identified +0 steam dragon scales
  8752 | D:8      | Noticed a two-headed ogre
  8786 | D:8      | Killed a two-headed ogre
  8787 | D:8      | Reached skill level 7 in Fighting
  8787 | D:8      | Reached skill level 10 in Dodging
  8902 | D:8      | Identified the +3 rapier "Jenowoy" {flame, rC+ SInv}
  9008 | D:8      | Noticed a two-headed ogre
  9011 | D:8      | Killed a two-headed ogre
  9012 | D:8      | Reached skill level 11 in Dodging
  9571 | D:9      | Reached skill level 8 in Fighting
  9875 | D:4      | Bought a scroll of acquirement for 520 gold pieces
  9876 | D:4      | Acquired a book of Annihilations
 10505 | D:10     | Entered Level 10 of the Dungeon
 10665 | D:10     | Reached ** piety under Vehumet
 10665 | D:10     | Offered knowledge of Searing Ray by Vehumet.
 10886 | D:10     | Reached XP level 11. HP: 69/69 MP: 7/15
 11375 | D:11     | Reached skill level 9 in Fighting
 11375 | D:11     | Reached skill level 12 in Dodging
 11634 | D:11     | Reached skill level 10 in Fighting
 11974 | D:11     | Reached skill level 6 in Conjurations
 11977 | D:11     | Offered knowledge of Kindle Blastsparks by Vehumet.
 12270 | D:11     | Reached skill level 4 in Spellcasting
 12307 | D:11     | Noticed a two-headed ogre
 12337 | D:11     | Killed a two-headed ogre
 12338 | D:11     | Reached skill level 9 in Earth Magic
 12499 | D:11     | Noticed a manticore
 12503 | D:11     | Killed a manticore
 12595 | D:11     | Reached *** piety under Vehumet
 12606 | D:11     | Found a staircase to the Orcish Mines.
 12937 | D:11     | Reached skill level 7 in Conjurations
 12963 | D:11     | Found a staircase to the Lair.
 13062 | D:11     | Offered knowledge of Sticky Flame by Vehumet.
 13063 | D:11     | Reached XP level 12. HP: 77/77 MP: 11/19
 13411 | D:12     | Noticed Snorg
 13416 | D:12     | Killed Snorg
 13502 | D:12     | Reached skill level 5 in Spellcasting
 13505 | D:12     | Reached skill level 10 in Earth Magic
 14005 | D:12     | Found a runed translucent door.
 14005 | D:12     | Noticed Vuiwkybu's ghost (journeyman BaMo)
 14354 | D:12     | Reached skill level 8 in Conjurations
 15030 | D:13     | Reached skill level 6 in Spellcasting
 15031 | D:13     | Reached **** piety under Vehumet
 15033 | D:13     | Reached skill level 11 in Earth Magic
 15284 | D:13     | Offered knowledge of Lee's Rapid Deconstruction by Vehumet.
 15291 | D:13     | Learned a level 5 spell: Lee's Rapid Deconstruction
 15401 | D:13     | Noticed an eight-headed hydra
 15405 | D:13     | Killed an eight-headed hydra
 15591 | D:13     | Noticed a centaur warrior
 15594 | D:13     | Killed a centaur warrior
 15631 | D:13     | Noticed a vault guard
 15635 | D:13     | Noticed an iron troll
 15642 | D:13     | Killed a shadow wraith
 15642 | D:13     | HP: 7/77 [lindwurm/blast of flame (29)]
 15988 | D:13     | Found a gate to the Vaults.
 16108 | D:13     | Noticed a two-headed ogre
 16111 | D:13     | Killed a two-headed ogre
 16112 | D:13     | Reached XP level 13. HP: 82/82 MP: 17/23
 16394 | D:13     | Found a gate to the Vaults.
 16531 | D:13     | Killed a vault guard
 17186 | D:13     | Found a gate to the Vaults.
 17676 | D:14     | Noticed a seven-headed hydra
 17684 | D:14     | Killed a seven-headed hydra
 17685 | D:14     | Reached skill level 7 in Spellcasting
 17685 | D:14     | Reached skill level 9 in Conjurations
 17685 | D:14     | Reached skill level 12 in Earth Magic
 17689 | D:14     | Killed from afar by a tengu conjurer

Vanquished Creatures
  Snorg (D:12)
  A vault guard (D:13)
  A centaur warrior (D:13)
  2 hydras
  4 two-headed ogres
  A lindwurm (D:13)
  Pikel (D:5)
  2 ugly things (D:12)
  2 manticores
  4 cyclopes
  2 gargoyles
  An unseen horror (D:13)
  Maggie (D:6)
  A komodo dragon (D:11)
  A hornet (D:11)
  3 trolls
  11 yaks (D:11)
  4 wraiths
  A wyvern (D:7)
  A water elemental (D:12)
  A vampire (D:12)
  8 vampire mosquitoes
  A steam dragon (D:7)
  5 acid dragons
  Duvessa (D:7)
  7 orc warriors
  A sky beast (D:8)
  2 ogres (D:5)
  7 centaurs
  3 lemures (D:5)
  A kobold brigand (D:11)
  A phantom (D:7)
  A bullfrog (D:9)
  2 scorpions
  4 necrophages
  Dowan (D:7)
  4 killer bees (D:9)
  8 electric eels
  5 howler monkeys
  3 hounds
  3 jellies
  A gnoll bouda (D:5)
  11 orc priests
  4 iguanas
  14 orc wizards
  Robin (D:2)
  9 adders
  8 gnolls
  A white imp (D:7)
  A dart slug (D:1)
  51 orcs
  8 endoplasms
  5 giant cockroaches
  11 goblins
  9 hobgoblins
  5 quokkas
  4 ball pythons
  3 bats
  2 frilled lizards
  13 kobolds
  4 rats
279 creatures vanquished.

Vanquished Creatures (others)
  A shadow wraith (D:13)
  9 fungi (D:2)
  A plant (D:14)
11 creatures vanquished.

Grand Total: 290 creatures vanquished
